 Dungeon Crawl Stone Soup version 0.28-a0-938-gbc3f381 (webtiles) character file.

Game seed: 3528207936122673221

412 Remcycle the Chopper (level 7, -14/46 HPs)
             Began as a Formicid Fighter on Nov 28, 2021.
             Demolished by a kobold brigand (20 damage)
             ... on level 3 of the Dungeon.
             The game lasted 00:06:58 (2891 turns).

Remcycle the Chopper (Formicid Fighter)             Turns: 2891, Time: 00:06:58

Health: -14/46     AC: 11    Str: 23    XL:     7   Next: 14%
Magic:  7/7        EV:  4    Int:  9    God:
Gold:   129        SH:  8    Dex: 12    Spells: 6/6 levels left

rFire   . . .      SeeInvis +   a - +0 war axe
rCold   . . .      Faith    .   u - +0 kite shield
rNeg    . . .      Spirit   .   k - +0 plate armour
rPois   .          Reflect  .   (helmet unavailable)
rElec   .          Harm     .   (no cloak)
rCorr   .          Rampage  .   (no gloves)
Will    .....                   (no boots)
Stlth   ..........              (no amulet)
HPRegen 0.15/turn               (no ring)
MPRegen 0.10/turn               (no ring)

@: no status effects
A: permanent stasis, dig shafts and tunnels, antennae 3, four strong arms, agile
1, clever 1, frail 1
a: Dig, Shaft Self


You were on level 3 of the Dungeon.
You visited 1 branch of the dungeon, and saw 3 of its levels.

You collected 129 gold pieces.

Inventory:

Hand Weapons
 a - a +0 war axe (weapon)
Missiles
 f - 33 poisoned darts
Armour
 k - a +0 plate armour (worn)
 u - a +0 kite shield (worn)
Wands
 b - a wand of digging (2)
 r - a wand of paralysis (1) (quivered)
Scrolls
 e - 4 scrolls of fear {unknown}
 n - a scroll of acquirement {unknown}
 o - a scroll of vulnerability {unknown}
 p - 2 scrolls of blinking {unknown}
 q - a scroll of identify {unknown}
 s - 3 scrolls of magic mapping {unknown}
Potions
 d - a potion of might
 g - a potion of mutation
 l - a potion of experience {unknown}
 m - a potion of lignification {unknown}
 t - a potion of flight {unknown}


   Skills:
 - Level 3.2 Fighting
 + Level 7.1 Axes
 - Level 3.2 Armour
 - Level 3.6 Shields


You had 6 spell levels left.
You didn't know any spells.
Your spell library contained the following spells:

 Spells                   Type           Power      Damage    Failure   Level
 Stone Arrow              Conj/Erth      0%         3d7       100%        3
 Animate Armour           Summ/Erth      0%         N/A       100%        4
 Lehudib's Crystal Spear  Conj/Erth      0%         10d2      100%        8


Dungeon Overview and Level Annotations

Branches:
Dungeon (3/15)

Altars:
Wu Jian
Xom


Innate Abilities, Weirdness & Mutations

You cannot be hasted, slowed, berserked, paralysed or teleported.
You can dig through walls and to a lower floor.
You have a pair of large antennae on your head. (SInv)
Your four strong arms can wield two-handed weapons with a shield.
You are agile. (Dex +2)
Your mind is acute. (Int +2)
You are frail. (-10% HP)


Message History

Remcycle's ghost is moderately damaged.
Remcycle's ghost hits you but does no damage.
You block Remcycle's ghost's attack.
You slash Remcycle's ghost!
Remcycle's ghost is heavily damaged.
You block Remcycle's ghost's attack.
You closely miss Remcycle's ghost.
Remcycle's ghost is heavily damaged.
Remcycle's ghost hits you but does no damage.
You closely miss Remcycle's ghost.
Remcycle's ghost is heavily damaged.
Remcycle's ghost barely misses you. You block Remcycle's ghost's attack.
You slash Remcycle's ghost!
Remcycle's ghost is severely damaged.
Remcycle's ghost hits you.
You slash Remcycle's ghost!
Remcycle's ghost is almost destroyed.
You block Remcycle's ghost's attack.
You hit Remcycle's ghost.
You destroy Remcycle's ghost!
Your Axes skill increases to level 7!
You have reached level 7!
You closely miss the kobold brigand.
The kobold brigand hits you with a +2 short sword of distortion.
Space warps horribly around you!!
* * * LOW HITPOINT WARNING * * *
You block the kobold brigand's attack.
You hit the kobold brigand.
The kobold brigand is lightly wounded.
You block the kobold brigand's attack.
Okay, then.
You miss the kobold brigand.
The kobold brigand is lightly wounded.
The kobold brigand hits you but does no damage.
Space warps around you.
* * * LOW HITPOINT WARNING * * *
The kobold brigand hits you with a +2 short sword of distortion.
* * * LOW HITPOINT WARNING * * *
Space warps horribly around you!!
You die...

....# #.......#
###.#####.#.##..#
............##..#
###.#####.####..#
....# #.####..# ....#
#.......## .####
##.......#
.#########.#####.#
.##.....##.# #@#
.##.....##.# #K#
...###..##.# #K####
######..##.#####KK(K#
#≈#..##......K##K#
##≈############K..#
##.≈.# ##.⌠K##..#
#..≈.# ##.#.#{#.K#
##..≈.# #!..#KK'.K#


You could see a kobold brigand and 5 kobolds.

Vanquished Creatures
  Sigmund (D:3)
  The ghost of Remcycle the Spear-Bearer, an amateur MfGl (D:3)
  Ijyb (D:3)
  Robin (D:2)
  2 adders
  2 worms
  A dart slug (D:2)
  6 ball pythons
  6 endoplasms
  2 giant cockroaches
  8 hobgoblins
  9 jackals
  2 quokkas
  4 bats
  2 frilled lizards
  12 goblins
  3 kobolds
  3 rats
66 creatures vanquished.

Notes
Turn   | Place    | Note
-------+----------+-------------------------------------------
     0 | D:1      | Remcycle the Formicid Fighter began the quest for the Orb.
     0 | D:1      | Reached XP level 1. HP: 18/18 MP: 1/1
   107 | D:1      | Reached XP level 2. HP: 15/24 MP: 2/2
   430 | D:1      | Reached skill level 3 in Axes
   678 | D:1      | Reached XP level 3. HP: 25/29 MP: 3/3
  1060 | D:2      | Noticed Robin
  1078 | D:2      | Killed Robin
  1079 | D:2      | Reached skill level 4 in Axes
  1079 | D:2      | Reached XP level 4. HP: 15/35 MP: 4/4
  1663 | D:2      | Found a faded altar of an unknown god.
  1926 | D:3      | Noticed Sigmund
  1948 | D:3      | Found a shimmering altar of Xom.
  2041 | D:3      | Found a runed translucent gate.
  2042 | D:3      | Found a runed translucent gate.
  2045 | D:3      | Found a runed translucent gate.
  2045 | D:3      | Noticed Remcycle's ghost (amateur MfGl)
  2046 | D:3      | Noticed a kobold brigand
  2096 | D:3      | Noticed Ijyb
  2105 | D:3      | Reached XP level 5. HP: 41/41 MP: 5/5
  2118 | D:3      | Killed Ijyb
  2119 | D:3      | Reached skill level 5 in Axes
  2250 | D:3      | Killed Sigmund
  2251 | D:3      | Reached skill level 6 in Axes
  2251 | D:3      | Reached XP level 6. HP: 47/47 MP: 6/6
  2437 | D:3      | Found an ornate altar of the Wu Jian Council.
  2869 | D:3      | Gained mutation: You are frail. (-10% HP) [potion of
                  | mutation]
  2869 | D:3      | Gained mutation: Your mind is acute. (Int +2) [potion of
                  | mutation]
  2869 | D:3      | Gained mutation: You are agile. (Dex +2) [potion of
                  | mutation]
  2888 | D:3      | Killed Remcycle's ghost
  2889 | D:3      | Reached skill level 7 in Axes
  2889 | D:3      | Reached XP level 7. HP: 35/46 MP: 7/7
  2891 | D:3      | Demolished by a kobold brigand

Illustrated notes

Levels and vault maps discovered:
D:1:      giann_horns, layout_basic
D:2:      layout_rooms, shapermc_ecumenical_altar_pompeii,
          minmay_misc_feat_five, chequers_serial_rivers_small_b, minivault_26,
          uniq_robin
D:3:      layout_loops_cross, amcnicky_altar_gilded,
          mainiacjoe_overflow_catwalk, gammafunk_ghost_nasty_kobolds,
          st_stairs_14, minmay_misc_feat_enclosed,
          chequers_serial_rivers_micro_a, hangedman_abyss_or_decor_lesser_grid,
          uniq_sigmund, uniq_ijyb

Skill      XL: |  1  2  3  4  5  6 |
---------------+-------------------+-----
Axes           | 3 4 6 7 |  7.1
Fighting       | |  3.2
Armour         | |  3.2
Shields        | |  3.6

Action                   |  1- 3 |  4- 6 |  7- 9 || total
-------------------------+-------+-------+-------++-------
Melee: War axe           |    60 |   104 |     3 ||   167
Evoke: Wand              |       |     4 |       ||     4
  Use: Potion            |       |     4 |       ||     4
 Stab: Paralysed         |       |     5 |       ||     5
Armor: Scale mail        |    26 |       |       ||    26
       Plate armour      |    15 |    51 |     1 ||    67
Dodge: Dodged            |    27 |    21 |       ||    48
Block: Buckler           |    15 |    14 |       ||    29
       Kite shield       |       |    12 |     2 ||    14

Table legend: (Time is in decaauts)
 A = Elapsed time spent in this place.
 B = Non-inter-level travel time spent in this place.
 C = Inter-level travel time spent in this place.
 D = Time resting spent in this place.
 E = Time spent auto-exploring this place.
 F = Levels seen in this place.
 G = Mean time per level.
                   A        B        C        D        E       F      G
               +--------+--------+--------+--------+--------+-----+--------+
         Total |   2943 |   2874 |     69 |    250 |   2039 |   3 |  981.0 |
       Dungeon |   2943 |   2874 |     69 |    250 |   2039 |   3 |  981.0 |
               +--------+--------+--------+--------+--------+-----+--------+

Top non-repeatable levels by time:
     D:1: 1213 daAuts
     D:3: 978 daAuts
     D:2: 751 daAuts
